 Dungeon Sprint DCSS version 0.30-a0-305-g026cb31310 (webtiles) character file.

Game seed: 5030103483622213234

443 mhtbhm the Basher (level 6, 0/99 HPs)
             Began as an Armataur Berserker on Oct 23, 2022.
             Was a Believer of Trog.
             Slain by Sonja
             ... wielding a +0 dagger of distortion
              (4 damage)
             ... while paralysed by Sonja
             ... in the Dungeon (Sprint I: "Red Sonja").
             The game lasted 00:00:41 (390 turns).

mhtbhm the Basher (Armataur Berserker)               Turns: 390, Time: 00:00:41

Health: 0/99       AC:  5    Str: 25    XL:     6   Next: 71%
Magic:  6/6        EV:  1    Int:  7    God:    Trog [**....]
Gold:   205        SH:  0    Dex:  9    Spells: 5/5 levels left

rFire   . . .      SeeInvis .    a - +0 mace
rCold   . . .      Faith    .    (no shield)
rNeg    . . .      Spirit   .    b - +0 leather armour
rPois   .          Reflect  .    (no helmet)
rElec   .          Harm     .    (no cloak)
rCorr   .          Roll     +    (no gloves)
Will    .....      NoTele   +    (no barding)
Stlth   ..........               (no amulet)
HPRegen 0.36/turn                (no ring)
MPRegen 0.10/turn                (no ring)

@: paralysed, berserking
A: large, rugged brown scales 3, deformed body, armoured tail, roll, long
tongue, awkward tongue
a: Renounce Religion, Berserk, Trog's Hand


You were in the Dungeon.
You worshipped Trog.
Trog was pleased with you.
You visited 1 branch You collected 310 gold pieces.
You spent 105 gold pieces at shops.

Inventory:

Hand Weapons
 a - a +0 mace (weapon)
Armour
 b - a +0 leather armour (worn)
Wands
 i - a wand of flame (20)
 k - a wand of roots (8)
Scrolls
 h - 2 scrolls of blinking
Potions
 c - a potion of curing
 d - a potion of heal wounds
 e - a potion of haste
 f - 2 potions of magic
 g - a potion of berserk rage
 j - a potion of flight {unknown}


   Skills:
 + Level 8.5 Fighting
 + Level 8.8 Maces & Flails
 + Level 6.2 Armour
 + Level 4.1 Dodging


You had 5 spell levels left.
You didn't know any spells.
Your spell library was empty.

Dungeon Overview and Level Annotations

Branches:
Dungeon (1/1)

Altars:
Cheibriados
Dithmenos
Elyvilon
Fedhas
Gozag
Hepliaklqana
Kikubaaqudgha
Nemelex Xobeh
Okawaru
Qazlal
Ru
Sif Muna
Trog
Uskayaw
Vehumet
Wu Jian
Yredelemnul
Zin
The Shining One

Shops:
D ?

Annotations:
D Sonja


Innate Abilities, Weirdness & Mutations

You are completely covered in rugged brown scales. (AC +3, +7% HP)
Armour fits poorly on your strangely shaped body.
You have a long armoured tail.
You roll when moving toward enemies. (Rampage)
Your long tongue fully drains potion bottles. (2x potion effects)
Your tongue gives you trouble enunciating. (1.5x scroll delay)


Message History

You are too injured to fight recklessly!
You barely miss Sonja.
Sonja is lightly wounded.
Sonja hits you but does no damage. Sonja closely misses you.
Sonja hits you with a +0 dagger of distortion.
You barely miss Sonja.
Sonja is lightly wounded.
You closely miss Sonja.
Sonja is lightly wounded.
Sonja hits you with a +0 dagger of distortion.
Space warps around you.
* * * LOW HITPOINT WARNING * * *
Sonja hits you with a +0 dagger of distortion.
* * * LOW HITPOINT WARNING * * *
Space warps around you.
* * * LOW HITPOINT WARNING * * *
Sonja hits you with a +0 dagger of distortion.
* * * LOW HITPOINT WARNING * * *
You hit Sonja.
Sonja is moderately wounded.
Sonja hits you but does no damage.
Sonja hits you with a +0 dagger of distortion.
* * * LOW HITPOINT WARNING * * *
Space warps horribly around you!
* * * LOW HITPOINT WARNING * * *
Sonja hits you but does no damage.
You miss Sonja.
Sonja is moderately wounded.
Sonja hits you with a +0 dagger of distortion.
* * * LOW HITPOINT WARNING * * *
Space warps around you.
* * * LOW HITPOINT WARNING * * *
Sonja misses you. Sonja completely misses you.
You completely miss Sonja.
Sonja is moderately wounded.
Sonja zaps a wand.
You suddenly lose the ability to move!
Sonja zaps a wand.
You resist with some effort. Sonja hits you but does no damage.
Sonja hits you with a +0 dagger of distortion.
You die...

#..').#..').#..+
#..#####'#####'#
#..####..#...#)#
#..#__####..##.#
#..#_____##'#_.+
#⌠⌠#_.∩...'..._#
####_..__##_.#'#
#_____###'#.#
####### #@###


+$K$+ #$.$# ##.## #+# You could see Sonja.

Vanquished Creatures
  Sigmund (D)
  A yak (D)
  An ogre (D)
  A jelly (D)
  Ijyb (D)
5 creatures vanquished.

Notes
Turn   | Place    | Note
-------+----------+-------------------------------------------
     0 | D        | mhtbhm the Armataur Berserker began the quest for the Orb.
     0 | D        | Reached XP level 1. HP: 19/19 MP: 1/1
     1 | D        | Noticed Ijyb
    11 | D        | Killed Ijyb
    12 | D        | Reached XP level 2. HP: 10/28 MP: 2/2
   108 | D        | Noticed an ogre
   111 | D        | Killed an ogre
   112 | D        | Reached skill level 5 in Fighting
   112 | D        | Reached skill level 5 in Maces & Flails
   112 | D        | Reached XP level 3. HP: 39/39 MP: 3/3
   112 | D        | Reached XP level 4. HP: 47/47 MP: 4/4
   160 | D        | Noticed Sigmund
   165 | D        | Killed Sigmund
   165 | D        | Reached ** piety under Trog
   166 | D        | Reached skill level 5 in Armour
   166 | D        | Reached XP level 5. HP: 55/55 MP: 5/5
   166 | D        | Reached XP level 6. HP: 64/64 MP: 6/6
   215 | D        | Found an ornate altar of the Wu Jian Council.
   215 | D        | Found a shimmering blue altar of Sif Muna.
   217 | D        | Found a radiant altar of Vehumet.
   322 | D        | Found Badwinie's Magic Scroll Emporium.
   322 | D        | Found an ancient bone altar of Kikubaaqudgha.
   322 | D        | Found a hazy altar of Hepliaklqana.
   322 | D        | Found a stormy altar of Qazlal.
   322 | D        | Found a hide-covered altar of Uskayaw.
   322 | D        | Found a blossoming altar of Fedhas.
   322 | D        | Found a bloodstained altar of Trog.
   322 | D        | Found an iron altar of Okawaru.
   322 | D        | Found a basalt altar of Yredelemnul.
   322 | D        | Found a glowing golden altar of the Shining One.
   322 | D        | Found a snail-covered altar of Cheibriados.
   322 | D        | Found a sacrificial altar of Ru.
   322 | D        | Found a glowing silver altar of Zin.
   322 | D        | Found a shadowy altar of Dithmenos.
   322 | D        | Found a white marble altar of Elyvilon.
   322 | D        | Noticed a yak
   329 | D        | Killed a yak
   330 | D        | Found an opulent altar of Gozag.
   331 | D        | Found a sparkling altar of Nemelex Xobeh.
   335 | D        | Bought a scroll of blinking for 105 gold pieces
   376 | D        | Noticed Sonja
   387 | D        | HP: 3/99 [Sonja/+0 dagger of distortion (4)]
   388 | D        | Paralysed by Sonja for 2 turns
   390 | D        | Slain by Sonja

Illustrated notes

Levels and vault maps discovered:
D:        dungeon_sprint_1 [red_sonja_temple_1, red_sonja_temple_small_1]

Skill      XL: |  1  2  3  4  5  6 |
---------------+-------------------+-----
Fighting       | 4 5 7 8 |  8.5
Maces & Flails | 4 5 7 8 |  8.8
Armour         | 3 4 5 6 |  6.2
Dodging        | 2 3 4 |  4.1

Action                   |  1- 3 |  4- 6 || total
-------------------------+-------+-------++-------
Melee: Mace              |    10 |    26 ||    36
       Tailslap          |     1 |     1 ||     2
Invok: Berserk           |     2 |     2 ||     4
Armor: Animal skin       |     3 |       ||     3
       Leather armour    |       |    10 ||    10
Dodge: Dodged            |     2 |    12 ||    14

Table legend: (Time is in decaauts)
 A = Elapsed time spent in this place.
 B = Non-inter-level travel time spent in this place.
 C = Inter-level travel time spent in this place.
 D = Time resting spent in this place.
 E = Time spent auto-exploring this place.
 F = Levels seen in this place.
 G = Mean time per level.
                   A        B        C        D        E       F      G
               +--------+--------+--------+--------+--------+-----+--------+
         Total |    416 |    416 |      0 |    271 |      1 |   1 |  416.0 |
       Dungeon |    416 |    416 |      0 |    271 |      1 |   1 |  416.0 |
               +--------+--------+--------+--------+--------+-----+--------+

Top non-repeatable levels by time:
       D: 416 daAuts
